MLB
OAKLAND ATHLETICS @ TEXAS RANGERS
05/17/2044
 
TOP OF THE 1ST
Oakland Athletics batting - Pitching for Texas Rangers : RHP Hector Aguado
Pitching: RHP Hector Aguado
Batting: SHB Ryan Langlois 0-0: Ball
1-0: Ball
2-0: Ground out 6-3 (Groundball, 6, EV 88.8 MPH)
Batting: RHB Philip Jansen 0-0: Ball
1-0: Ball
2-0: Ground out 6-3 (Groundball, 6, EV 103.1 MPH)
Batting: LHB Sakae Kasahara 0-0: Called Strike
0-1: Ball
1-1: Ball
2-1: Ball
3-1: Foul Ball, location: 2F
3-2: Strikes out swinging
Top of the 1st over - 0 runs, 0 hits, 0 errors, 0 left on base; Oakland 0 - Texas 0
BOTTOM OF THE 1ST
Texas Rangers batting - Pitching for Oakland Athletics : LHP Shelby Rich
Pitching: LHP Shelby Rich
Batting: RHB David Casas 0-0: Swinging Strike
0-1: Swinging Strike
0-2: Ball
1-2: Ball
2-2: Foul Ball, location: 2F
2-2: Ball
3-2: Foul Ball, location: 2F
3-2: Foul Ball, location: 2F
3-2: Foul Ball, location: 2F
3-2: Reached on error, E9 (Flyball, 9LS, EV 87.5 MPH)
Batting: SHB John Giesbrecht 0-0: Ball
1-0: Called Strike
1-1: Ball
2-1: Called Strike
2-2: 2-RUN HOME RUN (Flyball, 7D, EV 99.4 MPH), Distance : 373 ft
Batting: RHB Bert Clark 0-0: Ball
1-0: Called Strike
1-1: Fly out, F4 (Popup, 34S, EV 80.6 MPH)
Batting: SHB Jun Tsuda 0-0: Foul Ball, location: 2F
0-1: Ball
1-1: Ground out 6-3 (Groundball, P, EV 91.9 MPH)
Batting: RHB Casey Semenza 0-0: Swinging Strike
0-1: Foul Ball, location: 2F
0-2: Strikes out looking
Bottom of the 1st over - 2 runs, 1 hit, 1 error, 0 left on base; Oakland 0 - Texas 2
TOP OF THE 2ND
Oakland Athletics batting - Pitching for Texas Rangers : RHP Hector Aguado
Batting: SHB Robert Handy 0-0: Ball
1-0: Called Strike
1-1: Ball
2-1: SINGLE (Groundball, 6D, EV 103.1 MPH)
Batting: RHB Sébastien Piat 0-0: Ball
1-0: SINGLE (Groundball, 3L, EV 96.2 MPH)
Robert Handy to second
Batting: LHB George Leary 0-0: Fielders Choice at 2nd, 3-6 (Groundball, 3, EV 101.2 MPH)
Robert Handy to third
Batting: SHB Bob Morales 0-0: Fly out, F9 (Flyball, 9S, EV 77.5 MPH)
Batting: RHB Justin McQuarter 0-0: Called Strike
0-1: Ball
1-1: Foul Ball, location: 2F
1-2: Strikes out swinging
Top of the 2nd over - 0 runs, 2 hits, 0 errors, 2 left on base; Oakland 0 - Texas 2
BOTTOM OF THE 2ND
Texas Rangers batting - Pitching for Oakland Athletics : LHP Shelby Rich
Batting: RHB Rich Stinson 0-0: Fly out, F9 (Flyball, 89M, EV 88.8 MPH)
Batting: RHB Edwin Madrid 0-0: Called Strike
0-1: Ball
1-1: Called Strike
1-2: Foul Ball, location: 2F
1-2: Ball
2-2: Strikes out looking
Batting: RHB Alex Sandoval 0-0: Called Strike
0-1: Hit by Pitch
Batting: LHB Cody Schumacher 0-0: Ball
1-0: Ball
2-0: Called Strike
2-1: Fly out, F9 (Flyball, 9D, EV 86.2 MPH)
Bottom of the 2nd over - 0 runs, 0 hits, 0 errors, 1 left on base; Oakland 0 - Texas 2
TOP OF THE 3RD
Oakland Athletics batting - Pitching for Texas Rangers : RHP Hector Aguado
Batting: RHB Danny Murillo 0-0: Ball
1-0: Ball
2-0: Foul Ball, location: 2F
2-1: Ball
3-1: Foul Ball, location: 2F
3-2: Strikes out looking
Batting: SHB Ryan Langlois 0-0: Ball
1-0: Fly out, F7 (Flyball, 7S, EV 96.9 MPH)
Batting: RHB Philip Jansen 0-0: Ball
1-0: Ball
2-0: Ground out U3 (Groundball, 3, EV 88.1 MPH)
Top of the 3rd over - 0 runs, 0 hits, 0 errors, 0 left on base; Oakland 0 - Texas 2
BOTTOM OF THE 3RD
Texas Rangers batting - Pitching for Oakland Athletics : LHP Shelby Rich
Batting: RHB David Casas 0-0: Ground out 3-1 (Groundball, 34S, EV 86.9 MPH)
Batting: SHB John Giesbrecht 0-0: Ball
1-0: Fly out, F8 (Line Drive, 8LD, EV 90.6 MPH)
Batting: RHB Bert Clark 0-0: Ball
1-0: Fly out, F7 (Flyball, 78D, EV 104.4 MPH)
Bottom of the 3rd over - 0 runs, 0 hits, 0 errors, 0 left on base; Oakland 0 - Texas 2
TOP OF THE 4TH
Oakland Athletics batting - Pitching for Texas Rangers : RHP Hector Aguado
Batting: LHB Sakae Kasahara 0-0: Called Strike
0-1: Swinging Strike
0-2: Ball
1-2: Fly out, F7 (Flyball, 78M, EV 89.4 MPH)
Batting: SHB Robert Handy 0-0: Ball
1-0: Fly out, F8 (Flyball, 89D, EV 81.2 MPH)
Batting: RHB Sébastien Piat 0-0: Ball
1-0: Swinging Strike
1-1: Ball
2-1: SINGLE (Line Drive, 9S, EV 100.6 MPH)
Batting: LHB George Leary 0-0: Called Strike
0-1: Called Strike
0-2: Ball
1-2: Foul Ball, location: 2F
1-2: Ball
2-2: Strikes out swinging
Top of the 4th over - 0 runs, 1 hit, 0 errors, 1 left on base; Oakland 0 - Texas 2
BOTTOM OF THE 4TH
Texas Rangers batting - Pitching for Oakland Athletics : LHP Shelby Rich
Batting: SHB Jun Tsuda 0-0: Foul Ball, location: 2F
0-1: Ball
1-1: Foul Ball, location: 2F
1-2: Foul Ball, location: 2F
1-2: Ball
2-2: Reached on error, E3 (Groundball, 13, EV 88.1 MPH)
Batting: RHB Casey Semenza 0-0: Called Strike
0-1: SINGLE (Groundball, 5D, EV 101.9 MPH)
Jun Tsuda to third
Runner from 3rd tries for Home, throw by LF and OUT! 7-2
Batting: RHB Rich Stinson 0-0: Ball
1-0: Ball
Casey Semenza is caught stealing 2nd base 2-4
2-0: Called Strike
2-1: Called Strike
2-2: Strikes out looking
Bottom of the 4th over - 0 runs, 1 hit, 1 error, 0 left on base; Oakland 0 - Texas 2
TOP OF THE 5TH
Oakland Athletics batting - Pitching for Texas Rangers : RHP Hector Aguado
Batting: SHB Bob Morales 0-0: Called Strike
0-1: Foul Ball, location: 2F
0-2: SOLO HOME RUN (Flyball, 9LD, EV 91.9 MPH), Distance : 349 ft
Batting: RHB Justin McQuarter 0-0: Called Strike
0-1: Called Strike
0-2: Ball
1-2: Ball
2-2: Strikes out looking
Batting: RHB Danny Murillo 0-0: Ground out 6-3 (Groundball, 6, EV 85.6 MPH)
Batting: SHB Ryan Langlois 0-0: Called Strike
0-1: Foul Ball, location: 2F
0-2: Ball
1-2: Ball
2-2: Foul Ball, location: 2F
2-2: Foul Ball, location: 2F
2-2: Ball
3-2: Base on Balls
Batting: RHB Philip Jansen 0-0: Swinging Strike
0-1: SINGLE (Line Drive, 89S, EV 85.6 MPH)
Ryan Langlois to second
Runner from 2nd tries for 3rd, SAFE, throw by RF made to third
Batting: LHB Sakae Kasahara 0-0: Swinging Strike
0-1: Ball
1-1: Ball
Philip Jansen steals 2nd base
2-1: Foul Ball, location: 2F
2-2: Ball
3-2: Strikes out swinging
Top of the 5th over - 1 run, 2 hits, 0 errors, 2 left on base; Oakland 1 - Texas 2
BOTTOM OF THE 5TH
Texas Rangers batting - Pitching for Oakland Athletics : LHP Shelby Rich
Batting: RHB Edwin Madrid 0-0: Ball
1-0: Swinging Strike
1-1: Ball
2-1: Foul Ball, location: 2F
2-2: Ball
3-2: Fly out, F8 (Flyball, 78M, EV 90.6 MPH)
Batting: RHB Alex Sandoval 0-0: Ball
1-0: DOUBLE (Flyball, 8RXD, EV 109.4 MPH)
Batting: LHB Cody Schumacher 0-0: Called Strike
0-1: Called Strike
0-2: Ball
1-2: Ball
2-2: Foul Ball, location: 2F
2-2: Strikes out swinging
Batting: RHB David Casas 0-0: Swinging Strike
0-1: Foul Ball, location: 2F
0-2: Foul Ball, location: 2F
0-2: Foul Ball, location: 2F
0-2: Ground out 5-3 (Groundball, 5, EV 75.6 MPH)
Bottom of the 5th over - 0 runs, 1 hit, 0 errors, 1 left on base; Oakland 1 - Texas 2
TOP OF THE 6TH
Oakland Athletics batting - Pitching for Texas Rangers : RHP Hector Aguado
Pitching: RHP Danny Walker
Batting: SHB Robert Handy 0-0: Ball
1-0: Foul Ball, location: 2F
1-1: Ball
2-1: Ball
3-1: Foul Ball, location: 2F
3-2: Foul Ball, location: 2F
3-2: Foul Ball, location: 2F
3-2: Ground out U3 (Groundball, 3, EV 78.8 MPH)
Batting: RHB Sébastien Piat 0-0: Swinging Strike
0-1: Swinging Strike
0-2: Strikes out looking
Batting: LHB George Leary 0-0: Ball
1-0: Called Strike
1-1: Ball
2-1: Fly out, F8 (Line Drive, 8RM, EV 87.5 MPH)
Top of the 6th over - 0 runs, 0 hits, 0 errors, 0 left on base; Oakland 1 - Texas 2
BOTTOM OF THE 6TH
Texas Rangers batting - Pitching for Oakland Athletics : LHP Shelby Rich
Batting: SHB John Giesbrecht 0-0: Called Strike
0-1: Ball
1-1: Called Strike
1-2: SINGLE (Line Drive, 7S, EV 101.9 MPH)
Batting: RHB Bert Clark 0-0: Foul Ball, location: 2F
0-1: Foul Ball, location: 2F
0-2: Ball
1-2: Foul Ball, location: 2F
1-2: Ball
2-2: Foul Ball, location: 2F
2-2: Foul Ball, location: 2F
2-2: Fly out, F5 (Popup, 56S, EV 83.1 MPH)
Batting: SHB Jun Tsuda 0-0: Ball
1-0: Ball
2-0: Ball
3-0: Called Strike
3-1: Called Strike
3-2: Fly out, F9 (Flyball, 9, EV 86.2 MPH)
Batting: RHB Casey Semenza 0-0: Fielders Choice at 2nd, 6-4 (Groundball, 6, EV 86.2 MPH)
Bottom of the 6th over - 0 runs, 1 hit, 0 errors, 1 left on base; Oakland 1 - Texas 2
TOP OF THE 7TH
Oakland Athletics batting - Pitching for Texas Rangers : RHP Danny Walker
Pitching: RHP Nate Burnett
Now at 1B: Johan de Vries
Batting: SHB Bob Morales 0-0: Called Strike
0-1: Ground out 6-3 (Groundball, 4M, EV 76.9 MPH)
Batting: RHB Justin McQuarter 0-0: Reached on error, E6 (Groundball, 6, EV 76.2 MPH)
Batting: RHB Danny Murillo 0-0: SINGLE (Line Drive, 7LS, EV 103.1 MPH)
Justin McQuarter to second
Batting: SHB Ryan Langlois 0-0: Ball
1-0: Ball
2-0: Fly out, F7 (Flyball, 7, EV 84.4 MPH)
Pinch Hitting: LHB Nate Dean 0-0: Ball
1-0: Foul Ball, location: 2F
1-1: SINGLE (Groundball, 34D, EV 103.1 MPH)
Justin McQuarter to third
Danny Murillo to second
Runner from 3rd tries for Home, throw by RF and OUT! 9-2
Top of the 7th over - 0 runs, 2 hits, 1 error, 2 left on base; Oakland 1 - Texas 2
BOTTOM OF THE 7TH
Texas Rangers batting - Pitching for Oakland Athletics : LHP Shelby Rich
Now in LF: Tommy King
Batting: RHB Rich Stinson 0-0: Ground out 5-3 (Groundball, 56, EV 101.9 MPH)
Batting: RHB Edwin Madrid 0-0: SOLO HOME RUN (Flyball, 7D, EV 93.1 MPH), Distance : 366 ft
Batting: RHB Alex Sandoval 0-0: Ball
1-0: Hit by Pitch
Batting: LHB Cody Schumacher 0-0: Ball
1-0: Called Strike
1-1: Ball
2-1: Ball
3-1: Called Strike
3-2: Strikes out swinging
Pitching: RHP Eric Stevenson
Batting: LHB Johan de Vries 0-0: Ball
1-0: Called Strike
1-1: Ball
2-1: Foul Ball, location: 2F
2-2: Strikes out swinging
Bottom of the 7th over - 1 run, 1 hit, 0 errors, 1 left on base; Oakland 1 - Texas 3
TOP OF THE 8TH
Oakland Athletics batting - Pitching for Texas Rangers : RHP Nate Burnett
Batting: LHB Sakae Kasahara 0-0: Ball
1-0: Called Strike
1-1: Ball
2-1: Foul Ball, location: 2F
2-2: Foul Ball, location: 2F
2-2: Fly out, F7 (Flyball, 7LS, EV 96.2 MPH)
Batting: SHB Robert Handy 0-0: Ball
1-0: Called Strike
1-1: Ball
2-1: Foul Ball, location: 2F
2-2: Ball
3-2: Base on Balls
Batting: RHB Sébastien Piat 0-0: Called Strike
0-1: Foul Ball, location: 2F
0-2: Ball
1-2: DOUBLE (Flyball, 8RXD, EV 98.1 MPH)
Robert Handy to third
Batting: LHB George Leary 0-0: Ball
1-0: Ball
2-0: Ball
3-0: Base on Balls
Batting: SHB Bob Morales 0-0: Ball
1-0: Ball
2-0: Foul Ball, location: 2F
2-1: Swinging Strike
2-2: Ball
3-2: Foul Ball, location: 2F
3-2: Foul Ball, location: 2F
3-2: Fly out, F7 (Flyball, 78S, EV 85.6 MPH)
Batting: RHB Justin McQuarter 0-0: Ball
1-0: SINGLE (Line Drive, 56D, EV 109.4 MPH)
Robert Handy scores
Sébastien Piat to third
George Leary to second
Runner from 3rd tries for Home, SAFE, throw by LF to home
Batting: RHB Danny Murillo 0-0: Fielders Choice at 2nd, 5-4 (Groundball, 56, EV 84.4 MPH)
Top of the 8th over - 2 runs, 2 hits, 0 errors, 2 left on base; Oakland 3 - Texas 3
BOTTOM OF THE 8TH
Texas Rangers batting - Pitching for Oakland Athletics : RHP Eric Stevenson
Batting: SHB John Giesbrecht 0-0: Ground out 6-3 (Groundball, 6, EV 88.8 MPH)
Batting: RHB Bert Clark 0-0: Ball
1-0: Called Strike
1-1: Ball
2-1: Swinging Strike
2-2: Foul Ball, location: 2F
2-2: Foul Ball, location: 2F
2-2: Ball
3-2: Base on Balls
Batting: SHB Jun Tsuda 0-0: Called Strike
0-1: Ball
1-1: Ball
2-1: Ball
3-1: Base on Balls
Bert Clark to second
Pinch Hitting: LHB Da Vo 0-0: Ball
1-0: SINGLE (Groundball, 4MD, EV 105.6 MPH)
Bert Clark to third
Jun Tsuda to second
Runner from 3rd tries for Home, SAFE, throw by CF to home
Batting: RHB Rich Stinson 0-0: Ball
1-0: Ball
2-0: Ball
3-0: Base on Balls
Jun Tsuda to third
Da Vo to second
Batting: RHB Edwin Madrid 0-0: Swinging Strike
0-1: Ball
1-1: Foul Ball, location: 2F
1-2: Ball
2-2: Foul Ball, location: 2F
2-2: Strikes out swinging
Batting: RHB Alex Sandoval 0-0: Called Strike
0-1: Foul Ball, location: 2F
0-2: Ball
1-2: Strikes out swinging
Bottom of the 8th over - 1 run, 1 hit, 0 errors, 3 left on base; Oakland 3 - Texas 4
TOP OF THE 9TH
Oakland Athletics batting - Pitching for Texas Rangers : RHP Nate Burnett
Pitching: RHP John Bialon
Now in LF: Zhao-ji Chi
Batting: SHB Ryan Langlois 0-0: Called Strike
0-1: Swinging Strike
0-2: Strikes out swinging
Batting: LHB Tommy King 0-0: Ground out 6-3 (Groundball, 6MD, EV 104.4 MPH)
Batting: LHB Sakae Kasahara 0-0: Foul Ball, location: 2F
0-1: Foul Ball, location: 2F
0-2: Ball
1-2: Foul Ball, location: 2F
1-2: Ball
2-2: Strikes out swinging
Top of the 9th over - 0 runs, 0 hits, 0 errors, 0 left on base; Oakland 3 - Texas 4
Thursday, March 31st , 2022 - OOTP Baseball 22.12 Build 89